 Dungeon Crawl Stone Soup version 0.26.1-16-g4e020e15dc (console) character file.

Game seed: 6565523973309980380

1910793 Aria the Executioner (level 26, 258/258 HPs)
             Began as a Deep Dwarf Fighter on Feb 6, 2024.
             Was the Champion of Makhleb.
             Escaped with the Orb
             ... and 3 runes on Feb 8, 2024!
             The game lasted 04:51:10 (52921 turns).

Aria the Executioner (Deep Dwarf Fighter)          Turns: 52921, Time: 04:51:10

Health: 258/258    AC: 48    Str: 39    XL:     26   Next: 12%
Magic:  24/24      EV: 19    Int:  9    God:    Makhleb [******]
Gold:   4366       SH: 38    Dex: 12    Spells: 25/25 levels left

rFire    + + +     SeeInvis +   b - +8 broad axe (flame)
rCold    + . .     Faith    .   F - +6 tower shield
rNeg     + . .     Spirit   .   L - +4 gold dragon scales
rPois    +         Reflect  +   h - +0 mask of the Dragon {Will+ Slay+3 SInv}
rElec    .         Harm     .   R - +2 cloak {rCorr}
rCorr    +         Rampage  .   r - +3 pair of gauntlets of War {Slay+5}
Will     +++..                  w - +2 pair of boots
Stlth    ..........             Z - amulet of reflection
HPRegen  0.00/turn              e - +4 ring of evasion
MPRegen  0.19/turn              f - ring of Amorality {rF++ Will- AC+4 Str+5}

@: non-regenerating, studying Poison Magic
A: damage resistance, heal wounds, thin metallic scales 2, low mp 1, negative
energy resistance 1, sense surroundings 3, strong 1, wild magic 1, no
regeneration
0: Orb of Zot
}: 3/15 runes: decaying, silver, gossamer
a: Heal Wounds, Renounce Religion, Minor Destruction, Lesser Servant of Makhleb,
Major Destruction, Greater Servant of Makhleb


You escaped.
You worshipped Makhleb.
Makhleb was exalted by your worship.
You visited 10 branches of the dungeon, and saw 50 of its levels.
You also visited: Wizlab.

You collected 6729 gold pieces.
You spent 2363 gold pieces at shops.

Inventory:

Hand Weapons
 b - a +8 broad axe of flaming (weapon)
Missiles
 A - 8 curare-tipped darts (quivered)
Armour
 h - the +0 mask of the Dragon (worn) {Will+ Slay+3 SInv}
   (You found it on level 2 of the Realm of Zot)

   It affects your accuracy and damage with ranged weapons and melee attacks
   (+3).
   It affects your willpower, your defense against some magical effects.
   It lets you see invisible.
 r - the +3 pair of gauntlets of War (worn) {Slay+5}
   (You found it on level 5 of the Vaults)

   It affects your accuracy and damage with ranged weapons and melee attacks
   (+5).
 w - a +2 pair of boots (worn)
 F - a +6 tower shield (worn)
 L - +4 gold dragon scales (worn)
 R - a +2 cloak of preservation (worn)
Jewellery
 e - a +4 ring of evasion (left hand)
 f - the ring of Amorality (right hand) {rF++ Will- AC+4 Str+5}
   (You bought it in a shop on level 1 of the Elven Halls)

   [ring of protection]

   It affects your AC (+4).
   It affects your strength (+5).
   It greatly protects you from fire.
   It affects your willpower, your defense against some magical effects.
 m - the ring of the Stag {rPois Int+6}
   (You found it on level 9 of the Dungeon)

   [ring of intelligence]

   It affects your intelligence (+6).
   It protects you from poison.
 o - the ring "Nedea" {rN+ Stlth-}
   (You took it off a Hellbinder in a wizard's laboratory)

   [ring of attention]

   It protects you from negative energy.
   It makes you less stealthy.
 v - the ring of the Queen {rElec rPois rC+}
   (You acquired it on level 4 of the Swamp)

   [ring of poison resistance]

   It protects you from cold.
   It insulates you from electricity.
   It protects you from poison.
 V - an uncursed ring of protection from fire
 X - an uncursed ring of see invisible
 Y - an uncursed ring of willpower
 Z - an amulet of reflection (around neck)
Wands
 c - a wand of paralysis (29)
 t - a wand of acid (3)
 x - a wand of digging (11)
 K - a wand of polymorph (24)
 N - a wand of iceblast (30)
 U - a wand of disintegration (70)
Scrolls
 a - 14 scrolls of remove curse
 g - 4 scrolls of immolation
 j - a scroll of holy word
 l - a scroll of silence
 q - 3 scrolls of magic mapping
 s - 3 scrolls of fear
 B - 19 scrolls of teleportation
 D - 2 scrolls of identify
 I - a scroll of blinking
 J - 3 scrolls of vulnerability
 W - 2 scrolls of fog
Potions
 d - 4 potions of might
 i - 4 potions of lignification
 k - a potion of berserk rage
 n - 15 potions of curing
 u - 5 potions of brilliance
 z - a potion of mutation
 C - 3 potions of haste
 E - 8 potions of heal wounds
 G - a potion of resistance
 H - 11 potions of flight
 M - 4 potions of cancellation
 Q - 5 potions of invisibility
 S - a potion of attraction
 T - 11 potions of ambrosia
Books
 p - a manual of Poison Magic
Miscellaneous
 P - a condenser vane


   Skills:
 + Level 19.0 Fighting
 + Level 23.7 Axes
 - Level 5.0 Throwing
 + Level 22.0 Armour
 - Level 15.0 Dodging
 - Level 2.4 Stealth
 + Level 21.6 Shields
 + Level 22.3 Invocations


You had 25 spell levels left.
You didn't know any spells.
Your spell library contained the following spells:

 Spells                   Type           Power        Failure   Level
 Animate Skeleton         Necr           0%           98%         1
 Corona                   Hex            0%           98%         1
 Foxfire                  Conj/Fire      0%           98%         1
 Freeze                   Ice            0%           98%         1
 Magic Dart               Conj           0%           98%         1
 Pain                     Necr           0%           98%         1
 Sandblast                Erth           0%           98%         1
 Summon Small Mammal      Summ           0%           98%         1
 Blink                    Tloc           N/A          99%         2
 Call Imp                 Summ           0%           99%         2
 Ensorcelled Hibernation  Hex/Ice        0%           99%         2
 Passwall                 Tmut/Erth      0%           99%         2
 Poisonous Vapours        Pois/Air       0%           99%         2
 Searing Ray              Conj           0%           99%         2
 Slow                     Hex            0%           99%         2
 Sublimation of Blood     Necr           0%           99%         2
 Swiftness                Air            0%           99%         2
 Call Canine Familiar     Summ           0%           100%        3
 Confusing Touch          Hex            0%           100%        3
 Conjure Flame            Conj/Fire      0%           100%        3
 Dazzling Flash           Conj/Hex       0%           100%        3
 Frozen Ramparts          Ice            0%           100%        3
 Gell's Gravitas          Tloc           0%           100%        3
 Ignite Poison            Fire/Tmut/Pois 0%           100%        3
 Inner Flame              Hex/Fire       0%           100%        3
 Lesser Beckoning         Tloc           0%           100%        3
 Mephitic Cloud           Conj/Pois/Air  0%           100%        3
 Ozocubu's Armour         Ice            0%           100%        3
 Portal Projectile        Hex/Tloc       0%           100%        3
 Static Discharge         Conj/Air       0%           100%        3
 Stone Arrow              Conj/Erth      0%           100%        3
 Summon Guardian Golem    Hex/Summ       0%           100%        3
 Teleport Other           Tloc           0%           100%        3
 Tukima's Dance           Hex            0%           100%        3
 Vampiric Draining        Necr           0%           100%        3
 Animate Dead             Necr           0%           100%        4
 Cause Fear               Hex            0%           100%        4
 Fulminant Prism          Conj/Hex       0%           100%        4
 Hailstorm                Conj/Ice       0%           100%        4
 Iskenderun's Mystic Bla  Conj/Tloc      0%           100%        4
 Leda's Liquefaction      Hex/Erth       0%           100%        4
 Passage of Golubria      Tloc           N/A          100%        4
 Petrify                  Tmut/Erth      0%           100%        4
 Sticky Flame             Conj/Fire      0%           100%        4
 Summon Ice Beast         Ice/Summ       0%           100%        4
 Summon Lightning Spire   Summ/Air       0%           100%        4
 Agony                    Necr           0%           100%        5
 Alistair's Intoxication  Tmut/Pois      0%           100%        5
 Borgnjor's Vile Clutch   Necr/Erth      0%           100%        5
 Fireball                 Conj/Fire      0%           100%        5
 Irradiate                Conj/Tmut      0%           100%        5
 Lee's Rapid Deconstruct  Erth           0%           100%        5
 Lightning Bolt           Conj/Air       0%           100%        5
 Metabolic Englaciation   Hex/Ice        0%           100%        5
 Silence                  Hex/Air        0%           100%        5
 Summon Mana Viper        Hex/Summ       0%           100%        5
 Yara's Violent Unravell  Hex/Tmut       0%           100%        5
 Death Channel            Necr           0%           100%        6
 Eringya's Noxious Bog    Tmut/Pois      0%           100%        6
 Freezing Cloud           Conj/Ice/Air   0%           100%        6
 Hydra Form               Tmut           0%           100%        6
 Invisibility             Hex            0%           100%        6
 Shadow Creatures         Summ           N/A          100%        6
 Statue Form              Tmut/Erth      0%           100%        6
 Dragon Form              Tmut           0%           100%        7
 Spellforged Servitor     Conj/Summ      0%           100%        7
 Ignition                 Fire           0%           100%        8
 Shatter                  Erth           0%           100%        9
 Tornado                  Air            0%           100%        9


Dungeon Overview and Level Annotations

Branches:
Dungeon (15/15)            Temple (1/1) D:6            Lair (6/6) D:11
  Swamp (4/4) Lair:4       Spider (4/4) Lair:2        Slime (0/5) Lair:6
    Orc (2/2) D:12            Elf (3/3) Orc:2        Vaults (5/5) D:14
  Crypt (0/3) Vaults:2     Depths (5/5) D:15            Zot (5/5) Depths:5
 WizLab (visited)

Altars:
Ashenzari
Cheibriados
Dithmenos
Elyvilon
Fedhas
Gozag
Hepliaklqana
Kikubaaqudgha
Makhleb
Nemelex Xobeh
Okawaru
Qazlal
Ru
Sif Muna
Trog
Uskayaw
Vehumet
Wu Jian
Xom
Yredelemnul
Zin
The Shining One
Jiyva
Lugonu

Shops:
D:6 :   D:11 [=[   Orc:2 (?((   Elf:1 }==   Vaults:2 *   Vaults:3 (
Vaults:4 [   Vaults:5 [!!

Portals:
Abyss: Swamp:1 Depths:3
Trove: Vaults:1 (give 2 scrolls of acquirement)

Annotations:
Swamp:3 3 runed translucent doors, Piask's ghost, adept FoAK; Ykec Esm's ghost, journeyman DrWn; Ysuot's ghost, journeyman OpWn; pleonasm's ghost, adept OgBe
Elf:1 3 runed translucent doors, Fuonemn's ghost, veteran DDBe
Elf:2 exclusion: orange crystal statue
Vaults:1 3 runed translucent doors, Bidatih's ghost, adept MiBe; rgbqcd's ghost, veteran MiBe
Vaults:2 3 runed translucent doors, exclusion: obsidian statue, wjh11's ghost, veteran MiBe


Innate Abilities, Weirdness & Mutations

You are resistant to damage.
You can heal yourself by infusing magical energy.
You resist negative energy. (rN+)
You passively map a large area around you.
You do not regenerate.
You are mostly covered in thin metallic scales. (AC +3)
Your magical capacity is low. (-10% MP)
Your muscles are strong. (Str +2)
Your spells are a little harder to cast, but a little more powerful.


Message History

There is a stone staircase leading down here.
A blizzard demon comes into view.
You block the blizzard demon's attack. x2
You slice the blizzard demon like a ripe choko!!!
You burn the blizzard demon!!!
You kill the blizzard demon!
Makhleb accepts your kill.
No target in view!
No target in view!
(D) Dungeon (T) Temple (L) Lair (S) Swamp (N) Spider Nest (M) Slime Pits (O) Orcish Mines (E) Elven Halls (V) Vaults (C) Crypt (U) Depths (Z) Zot
Where to? (Enter - D:1 @ (x,y), ? - help)
What level of the Dungeon? (default 1, ? - help)
There is an open door here.
There is a stone staircase leading up here.
You climb upwards.
There is a stone staircase leading down here.
There is a staircase leading out of the dungeon here.
You have escaped!

...................>[.....##.#
###.....######.####.......##.#
#
#.....######......########.####
#
####.....................#.....
# #.###################.######
# #...## ##...# # #.^..#
######### #....# #
#....###...8...###....# #
#....##..8.@.8..##....# #
#....#8.........8#....#
#.......8.....8.......#
#....#8.........8#....#
#....##..8...8..##....#
#....###...8...###....######
#....# ######### #..........
#...## ##...######
######.########### #####


There were no monsters in sight!

Vanquished Creatures
  A pandemonium lord (D:12)
  10 orbs of fire (Zot:5)
  Mara (Vaults:2)
  4 ancient liches (Zot:5)
  the Lernaean hydra (Swamp:4)
  Xtahua (Vaults:3)
  A curse toe (Zot:2)
  A Hellbinder (WizLab)
  13 golden dragons
  A bone dragon (Depths:5)
  2 electric golems
  22 Orb Guardians
  10 tentacled monstrosities
  2 deep elf master archers (Elf:3)
  2 deep elf blademasters (Elf:3)
  3 liches
  9 titans
  5 quicksilver dragons
  8 death cobs
  6 acid blobs
  8 shadow dragons
  2 sphinxes
  2 tengu reavers
  12 storm dragons
  Kirke (Swamp:1)
  A fenstrider witch (Swamp:2)
  The ghost of Huol the Warrior, an adept FoFi of Okawaru (Elf:3)
  A revenant (Vaults:2)
  4 draconian monks
  4 fire giants
  A blood saint (WizLab)
  An iron dragon (Vaults:5)
  3 frost giants
  2 draconian knights
  15 vault wardens
  An orc warlord (Vaults:4)
  5 deep elf sorcerers
  6 ghost moths
  7 emperor scorpions
  An angel (Zot:4)
  5 deep elf elementalists
  4 draconian scorchers
  3 draconian annihilators
  3 draconian shifters
  2 cacodemons (WizLab)
  5 draconian stormcallers
  9 ironheart preservers
  6 very ugly things
  A vampire knight (Vaults:2)
  Nessos (D:12)
  6 black draconians
  4 white draconians
  10 deep elf demonologists
  A dire elephant (Lair:6)
  16 stone giants
  13 yellow draconians
  3 green draconians
  4 bunyips
  7 purple draconians
  11 deep elf annihilators
  6 entropy weavers
  A red draconian (Zot:3)
  5 eleionomae
  4 spark wasps
  5 deep elf death magi
  4 fire dragons
  2 blizzard demons
  12 yaktaur captains
  5 deep elf high priests
  3 jiangshi (Depths:3)
  3 great orbs of eyes
  6 ettins
  16 vault guards
  A shambling mangrove (Swamp:4)
  2 rakshasas (Vaults:3)
  7 ice dragons
  7 boulder beetles
  9 centaur warriors
  18 hydras
  2 ghost crabs
  2 hell beasts
  A large abomination (Elf:3)
  23 dancing weapons
  12 two-headed ogres
  6 ogre magi
  10 alligators
  A queen ant (Lair:3)
  4 deep troll shamans
  2 deep troll earth magi
  Urug (D:14)
  A vampire mage (Depths:3)
  2 tengu warriors (D:15)
  A spriggan berserker (Depths:3)
  5 sun demons
  28 deep elf knights
  Sonja (D:11)
  A soul eater (D:12)
  7 spriggans
  3 skeletal warriors (D:14)
  3 shadow wraiths
  An iron troll (Depths:5)
  A fire crab (D:14)
  5 spriggan druids
  4 unseen horrors
  2 shadow demons (WizLab)
  A glowing orange brain (Vaults:2)
  13 swamp dragons
  5 goliath frogs
  2 bog bodies
  A phantasmal warrior (Vaults:5)
  5 harpies
  23 deep elf archers
  9 deep trolls
  A flayed ghost (Vaults:4)
  3 necromancers
  3 wizards
  10 orb spiders
  32 wolf spiders
  A lindwurm (Lair:6)
  33 ugly things
  15 orc knights
  14 ironbrand convokers
  3 oklob plants (Zot:2)
  A wolf spider zombie (D:15)
  An orc sorcerer (Vaults:3)
  4 will-o-the-wisps
  4 cyclopes
  93 deep elf magi
  14 moths of wrath
  A manticore (D:15)
  6 rust devils
  2 black mambas
  5 elephants (Lair:6)
  2 smoke demons (WizLab)
  11 vault sentinels
  10 centaur skeletons
  3 orange demons (WizLab)
  2 gargoyles (D:11)
  16 cane toads
  6 torpor snails (Lair:6)
  2 hellions
  8 rime drakes
  12 komodo dragons
  27 yaktaurs
  A queen bee (shapeshifter) (Vaults:1)
  2 ice devils (WizLab)
  6 demonic crawlers
  7 freezing wraiths
  3 red devils (WizLab)
  5 tormentors
  2 jumping spiders (shapeshifter)
  2 polar bears (shapeshifter)
  33 jumping spiders
  10 tyrant leeches
  7 trolls
  A meliai (shapeshifter) (Vaults:3)
  A tengu simulacrum (Vaults:1)
  13 polar bears
  A meliai (D:14)
  2 raiju
  15 blink frogs
  19 hornets
  12 slime creatures
  Grinder (D:3)
  2 slime creatures (shapeshifter)
  2 human simulacra
  A flying skull (Vaults:2)
  2 blink frogs (shapeshifter)
  8 dream sheep
  A meliai zombie (D:13)
  3 air elementals
  A water elemental (Elf:1)
  15 tarantellas
  A spriggan (shapeshifter) (Vaults:5)
  Eustachio (D:4)
  65 redbacks
  41 yaks
  2 shadows
  4 wraiths
  A fire elemental (Elf:3)
  2 hogs (Swamp:1)
  13 humans (D:14)
  4 wyverns
  A neqoxec (D:9)
  4 basilisks
  A chaos spawn (WizLab)
  14 swamp worms
  11 wargs
  5 vampire mosquitoes
  16 water moccasins
  22 soldier ants
  A warg (shapeshifter) (Vaults:2)
  5 acid dragons
  20 hell hounds
  Duvessa (D:5)
  An ice beast (D:8)
  9 swamp drakes
  3 sky beasts
  An eye of draining (D:8)
  A hornet zombie (D:12)
  43 orc warriors
  A black bear (shapeshifter) (D:14)
  13 black bears
  A necrophage (D:10)
  5 phantoms
  10 ogres
  30 wolves
  27 centaurs
  5 big kobolds
  A gnoll sergeant (Orc:1)
  20 bullfrogs
  A wyvern zombie (D:14)
  Dowan (D:5)
  7 scorpions
  A troll zombie (D:12)
  20 killer bees
  4 howler monkeys
  8 wights
  6 electric eels
  3 centaur zombies
  A crimson imp (D:6)
  Crazy Yiuf (D:2)
  23 jellies
  A quasit (D:10)
  6 hounds
  A gnoll shaman (D:9)
  13 orc priests
  3 bullfrog skeletons
  Jessica (D:2)
  Ijyb (D:4)
  Terence (D:2)
  An iguana (D:13)
  24 orc wizards
  34 worker ants
  2 hell rats (Lair:5)
  3 polar bear simulacra (D:12)
  2 wolf simulacra (D:12)
  4 ogre zombies (D:12)
  A hound skeleton (D:11)
  Robin (D:2)
  9 gnolls
  A howler monkey skeleton (D:10)
  8 river rats (Lair:5)
  11 adders
  2 shadow imps
  3 white imps
  An ufetubus (D:7)
  6 oozes
  An adder zombie (D:10)
  2 adder skeletons
  3 worms (Lair:2)
  2 dart slugs
  5 leopard geckos
  96 orcs
  2 bats (D:2)
  6 giant cockroaches
  17 goblins
  6 hobgoblins
  2 jackals (D:1)
  25 kobolds
  2 quokkas
  2 ball pythons
  4 frilled lizards
  2 gnoll zombies (D:8)
  A goblin skeleton (D:12)
  2 hobgoblin zombies (D:12)
  A leopard gecko zombie (D:7)
  2 orc skeletons (D:12)
  10 orc zombies (D:12)
  A quokka zombie (D:5)
  8 rats
  A bush (Elf:2)
  3 crawling corpses
1950 creatures vanquished.

Vanquished Creatures (collateral kills)
  2 orbs of fire (Zot:5)
  An ancient lich (Vaults:5)
  The ghost of lnotna the Conqueror, a legendary HOBe of Trog (D:9)
  A Killer Klown (Zot:5)
  A golden dragon (Zot:2)
  Arachne (Spider:2)
  Rupert (D:13)
  Jorgrun (Orc:1)
  An electric golem (Zot:5)
  4 Orb Guardians (Zot:5)
  A quicksilver dragon (Vaults:5)
  Asterion (Elf:2)
  An acid blob (Zot:2)
  A sphinx (Vaults:5)
  A storm dragon (Vaults:5)
  A ghost moth (Spider:4)
  A draconian knight (Zot:2)
  A deep elf sorcerer (Vaults:5)
  2 emperor scorpions (Spider:4)
  A draconian stormcaller (Zot:4)
  A deep elf elementalist (Vaults:5)
  A draconian shifter (Zot:2)
  A war gargoyle (Vaults:5)
  A draconian annihilator (Zot:2)
  A deep elf demonologist (Vaults:5)
  A purple draconian (Zot:2)
  A black draconian (Zot:4)
  2 entropy weavers (Spider:2)
  A red draconian (Zot:5)
  A white draconian (Zot:2)
  4 yellow draconians
  Josephine (D:13)
  A deep elf high priest (Vaults:5)
  9 vault guards (Vaults:5)
  4 hydras
  Erolcha (D:9)
  2 centaur warriors (D:15)
  A two-headed ogre (shapeshifter) (Vaults:5)
  A dancing weapon (Elf:2)
  A shadow wraith (Vaults:5)
  2 goliath frogs (Swamp:2)
  A bog body (Lair:4)
  8 orb spiders
  12 ugly things
  An orc sorcerer (D:15)
  A deep elf mage (Elf:2)
  10 wolf spiders
  A moth of wrath (Spider:3)
  A cyclops (D:14)
  A vault sentinel (Vaults:5)
  A manticore (D:14)
  A naga mage (D:15)
  A torpor snail (Lair:3)
  An orange demon (WizLab)
  A gargoyle (D:15)
  A cane toad (Lair:4)
  A rime drake (Lair:4)
  A freezing wraith (Vaults:5)
  5 demonic crawlers
  22 jumping spiders
  6 blink frogs
  A hornet (Swamp:1)
  2 dream sheep (Lair:3)
  3 wraiths (D:13)
  25 redbacks
  A wyvern (Lair:3)
  6 tarantellas
  3 humans (D:14)
  A basilisk (Lair:4)
  A neqoxec (WizLab)
  2 soldier ants (Lair:3)
  A swamp worm (Lair:4)
  A swamp drake (Swamp:2)
  4 orc warriors
  A phantom (D:12)
  4 wolves
  2 centaurs
  2 bullfrogs
  A troll zombie (D:12)
  4 killer bees (D:11)
  An electric eel (Lair:4)
  An orc wizard (D:9)
  6 jellies (Zot:2)
  2 polar bear simulacra (D:12)
  A worker ant (Lair:3)
  A yak simulacrum (D:12)
  A wolf simulacrum (D:12)
  3 river rats (Lair:5)
  3 orcs
  A goblin zombie (D:12)
  A hobgoblin skeleton (D:12)
  A hobgoblin zombie (D:12)
  An orc zombie (D:12)
  A rat (Lair:5)
  2 river rat simulacra (D:12)
  A crawling corpse (Vaults:5)
232 creatures vanquished.

Vanquished Creatures (others)
  An Orb Guardian (Zot:5)
  A draconian stormcaller (Zot:4)
  A deep elf knight (Elf:3)
  A shadow wraith (Vaults:3)
  2 deep elf magi (Elf:1)
  A jumping spider (Spider:1)
  5 dream sheep (D:3)
  A tarantella (shapeshifter) (Vaults:5)
  A warg (Depths:2)
  8 foxfires
  16 fungi
  2 lurking horrors (Swamp:1)
  52 plants
  12 withered plants
104 creatures vanquished.

Grand Total: 2286 creatures vanquished

Notes
Turn   | Place    | Note
-------+----------+-------------------------------------------
     0 | D:1      | Aria the Deep Dwarf Fighter began the quest for the Orb.
     0 | D:1      | Reached XP level 1. HP: 20/20 MP: 1/1
   210 | D:1      | Reached XP level 2. HP: 24/27 MP: 2/2
   304 | D:1      | Reached skill level 3 in Axes
   563 | D:1      | Reached XP level 3. HP: 24/33 MP: 3/3
   990 | D:2      | Noticed Terence
  1178 | D:2      | Reached skill level 4 in Axes
  1203 | D:2      | Noticed Jessica
  1234 | D:2      | Found a shadowy altar of Dithmenos.
  1296 | D:2      | Identified the +0 helmet of the Stone Wall {Int+3 Dex+2
                  | Stlth+}
  1296 | D:2      | Noticed Robin
  1305 | D:2      | Reached XP level 4. HP: 28/40 MP: 4/4
  1310 | D:2      | Killed Robin
  2035 | D:3      | Noticed Grinder
  2334 | D:4      | Noticed Eustachio
  2523 | D:3      | Noticed a dream sheep
  2523 | D:3      | Noticed a dream sheep
  2523 | D:3      | Noticed a dream sheep
  2523 | D:3      | Noticed a dream sheep
  2523 | D:3      | Noticed a dream sheep
  2523 | D:3      | Found a shimmering altar of Xom.
  2528 | D:3      | Killed a dream sheep
  2528 | D:3      | Killed a dream sheep
  2528 | D:3      | Killed a dream sheep
  2528 | D:3      | Killed a dream sheep
  2528 | D:3      | Killed a dream sheep
  2649 | D:4      | Reached skill level 5 in Axes
  2649 | D:4      | Reached XP level 5. HP: 30/49 MP: 5/5
  2652 | D:4      | Noticed a centaur
  2687 | D:4      | Reached skill level 1 in Throwing
  2746 | D:4      | Reached skill level 1 in Dodging
  2812 | D:4      | Found a blossoming altar of Fedhas.
  2815 | D:4      | Noticed a centaur
  2827 | D:4      | Killed a centaur
  2828 | D:4      | Reached XP level 6. HP: 19/56 MP: 6/6
  3042 | D:4      | Noticed Ijyb
  3107 | D:4      | Killed Ijyb
  3224 | D:5      | Entered Level 5 of the Dungeon
  3257 | D:5      | Noticed Duvessa
  3257 | D:5      | Noticed Dowan
  3362 | D:5      | Noticed an ice beast
  3448 | D:4      | Killed Eustachio
  3449 | D:4      | Reached XP level 7. HP: 46/63 MP: 7/7
  3854 | D:2      | Found a shimmering blue altar of Sif Muna.
  3964 | D:2      | Killed Jessica
  4170 | D:2      | Found a runed translucent door.
  4171 | D:2      | Noticed Crazy Yiuf
  4475 | D:2      | Found a shadowy altar of Dithmenos.
  4758 | D:2      | Found a runed translucent door.
  4839 | D:2      | Killed Terence
  4910 | D:2      | Found a shimmering blue altar of Sif Muna.
  4946 | D:2      | Killed Crazy Yiuf
  5482 | D:5      | Found a stormy altar of Qazlal.
  5537 | D:5      | Found an ornate altar of the Wu Jian Council.
  5743 | D:5      | Reached skill level 6 in Axes
  5776 | D:6      | Reached skill level 5 in Armour
  5878 | D:6      | Reached skill level 5 in Shields
  5954 | D:6      | Reached XP level 8. HP: 34/72 MP: 8/8
  6033 | D:6      | Found Ticleme's Book Shop.
  6384 | D:6      | Found a staircase to the Ecumenical Temple.
  6393 | Temple   | Entered the Ecumenical Temple
  6612 | Temple   | Became a worshipper of Makhleb the Destroyer
  6834 | D:7      | Noticed a hornet
  6863 | D:7      | Paralysed by a hornet for 1 turns
  6874 | D:7      | Paralysed by a hornet for 2 turns
  6879 | D:7      | Killed a hornet
  6952 | D:7      | Found the +9 staff of Olgreb {rPois∞}
  6958 | D:7      | Found a runed translucent door.
  6977 | D:7      | Found a runed translucent gate.
  6977 | D:7      | Found a runed translucent gate.
  6993 | D:7      | Found a runed translucent gate.
  6995 | D:7      | Found a runed translucent door.
  7008 | D:7      | Reached * piety under Makhleb
  7027 | D:7      | Reached skill level 5 in Fighting
  7027 | D:7      | Reached skill level 7 in Axes
  7344 | D:7      | Gained mutation: You passively map the area around you.
                  | [Deep Dwarf growth]
  7344 | D:7      | Reached XP level 9. HP: 43/81 MP: 9/9
  7446 | D:7      | Found an ancient bone altar of Kikubaaqudgha.
  7693 | D:8      | Reached skill level 5 in Dodging
  8327 | D:8      | Reached ** piety under Makhleb
  8501 | D:8      | Found a basalt altar of Yredelemnul.
  8592 | D:8      | Reached skill level 8 in Axes
  8842 | D:9      | Noticed a two-headed ogre
  8884 | D:9      | Killed a two-headed ogre
  8885 | D:9      | Reached XP level 10. HP: 44/92 MP: 10/10
  8940 | D:9      | Noticed Erolcha
  8949 | D:9      | Killed Erolcha
  9012 | D:9      | Found a runed translucent door.
  9613 | D:9      | Found a broken altar of Ashenzari.
  9627 | D:9      | Found a hazy altar of Hepliaklqana.
  9630 | D:9      | Found an opulent altar of Gozag.
  9760 | D:9      | Noticed lnotna's ghost (legendary HOBe)
  9915 | D:10     | Entered Level 10 of the Dungeon
  9923 | D:10     | Reached skill level 9 in Axes
 10186 | D:10     | Reached *** piety under Makhleb
 10294 | D:10     | Noticed a two-headed ogre
 10315 | D:10     | Killed a two-headed ogre
 10659 | D:10     | Reached skill level 1 in Invocations
 10968 | D:11     | Found Vesmoem's Jewellery Shoppe.
 10981 | D:11     | Reached XP level 11. HP: 100/100 MP: 9/11
 11261 | D:11     | Reached **** piety under Makhleb
 11390 | D:11     | Found Xulagg's Armour Shop.
 11481 | D:11     | Reached skill level 10 in Axes
 11527 | D:11     | Noticed Sonja
 11529 | D:11     | Killed Sonja
 11951 | D:11     | Found a staircase to the Lair.
 12061 | D:11     | Found Jaoph's Antique Armour Shop.
 12323 | D:12     | Reached skill level 5 in Invocations
 12339 | D:12     | Found a glowing golden altar of the Shining One.
 12402 | D:12     | Noticed a centaur warrior
 12408 | D:12     | Killed a centaur warrior
 12409 | D:12     | Reached skill level 5 in Throwing
 12409 | D:12     | Reached skill level 10 in Shields
 12483 | D:12     | Noticed Nessos
 12500 | D:12     | Killed Nessos
 12501 | D:12     | Reached skill level 10 in Armour
 12501 | D:12     | Reached XP level 12. HP: 95/112 MP: 15/15
 12704 | D:12     | Found a staircase to the Orcish Mines.
 12718 | D:12     | Reached ***** piety under Makhleb
 13474 | Orc:1    | Entered Level 1 of the Orcish Mines
 13685 | Orc:2    | Entered Level 2 of the Orcish Mines
 13698 | Orc:2    | Noticed an ettin
 13709 | Orc:2    | Reached skill level 11 in Axes
 13730 | Orc:2    | Killed an ettin
 14102 | Orc:2    | Found a staircase to the Elven Halls.
 14340 | Orc:2    | Found Dailutea's Weapon Shop.
 14340 | Orc:2    | Found Esoh's Magic Scroll Emporium.
 14342 | Orc:2    | Found Kisun's Antique Weapon Shoppe.
 14345 | Orc:2    | Found Junusen's Weapon Boutique.
 14354 | Orc:2    | Bought a scroll of enchant weapon for 90 gold pieces
 14354 | Orc:2    | Bought a scroll of identify for 24 gold pieces
 14354 | Orc:2    | Bought a scroll of noise for 12 gold pieces
 14357 | Orc:2    | Bought a pitted battleaxe for 345 gold pieces
 14362 | Orc:2    | Identified the +10 battleaxe of Naist {drain, rF+ rN+} (You
                  | bought it in a shop on level 2 of the Orcish Mines)
 14795 | Orc:1    | Noticed Jorgrun
 14807 | Orc:1    | Killed Jorgrun
 14902 | Lair:1   | Entered Level 1 of the Lair of Beasts
 15121 | Lair:1   | Reached XP level 13. HP: 121/121 MP: 18/18
 16202 | Lair:2   | Found a hole to the Spider Nest.
 16978 | D:7      | Reached ****** piety under Makhleb
 16987 | D:7      | Reached skill level 12 in Axes
 17355 | Lair:3   | Reached skill level 10 in Fighting
 17588 | Lair:3   | Reached skill level 10 in Invocations
 18349 | Lair:4   | Gained mutation: You resist negative energy. (rN+) [Deep
                  | Dwarf growth]
 18349 | Lair:4   | Reached XP level 14. HP: 58/133 MP: 19/19
 19135 | Lair:4   | Found a staircase to the Swamp.
 19606 | Lair:5   | Reached skill level 13 in Axes
 21111 | D:13     | You fall into a shaft and drop 2 floors!
 21111 | D:15     | Entered Level 15 of the Dungeon
 21111 | D:15     | Found a staircase to the Depths.
 21273 | D:14     | Found a gate to the Vaults.
 21273 | D:14     | Noticed Urug
 21281 | D:14     | Reached XP level 15. HP: 126/142 MP: 21/21
 21289 | D:14     | Reached skill level 10 in Dodging
 21290 | D:14     | Killed Urug
 22144 | D:13     | Reached skill level 14 in Axes
 22378 | D:13     | Noticed Rupert
 22391 | D:13     | Killed Rupert
 22441 | D:13     | Noticed Josephine
 22446 | D:13     | Killed Josephine
 23834 | D:15     | Found a staircase to the Depths.
 24284 | D:15     | Found a staircase to the Depths.
 24738 | Spider:1 | Entered Level 1 of the Spider Nest
 24875 | Swamp:1  | Entered Level 1 of the Swamp
 25218 | Swamp:1  | Noticed Kirke
 25233 | Swamp:1  | Killed Kirke
 25544 | Spider:1 | Reached XP level 16. HP: 152/152 MP: 23/23
 26069 | Spider:2 | Noticed Arachne
 26085 | Spider:2 | Killed Arachne
 26781 | Spider:3 | Reached skill level 15 in Axes
 26995 | Spider:4 | Entered Level 4 of the Spider Nest
 27263 | Spider:4 | Reached skill level 15 in Armour
 27347 | Spider:4 | Reached skill level 15 in Invocations
 27347 | Spider:4 | Reached XP level 17. HP: 94/163 MP: 15/25
 27349 | Spider:4 | Paralysed by a hornet for 1 turns
 27385 | Spider:4 | Got a gossamer rune of Zot
 27765 | Spider:4 | Gained mutation: You occasionally shout uncontrollably at
                  | your foes. [a cacodemon]
 27769 | Spider:4 | Gained mutation: Armour fits poorly on your strangely
                  | shaped body. [a cacodemon]
 28436 | Swamp:1  | Found a one-way gate to the infinite horrors of the Abyss.
 28438 | Swamp:1  | Found a corrupted altar of Lugonu.
 28684 | Swamp:2  | Found a basalt altar of Yredelemnul.
 28709 | Swamp:2  | Lost mutation: You occasionally shout uncontrollably at
                  | your foes. [potion of mutation]
 28709 | Swamp:2  | Lost mutation: Armour fits poorly on your strangely shaped
                  | body. [potion of mutation]
 28709 | Swamp:2  | Gained mutation: You are robust. (+10% HP) [potion of
                  | mutation]
 28709 | Swamp:2  | Gained mutation: You tend to lose your temper in combat.
                  | [potion of mutation]
 28709 | Swamp:2  | Gained mutation: You are partially covered in icy blue
                  | scales. (AC +2) [potion of mutation]
 28710 | Swamp:2  | Lost mutation: You tend to lose your temper in combat.
                  | [potion of mutation]
 28710 | Swamp:2  | Lost mutation: You are robust. (+10% HP) [potion of
                  | mutation]
 28710 | Swamp:2  | Gained mutation: You tend to lose your temper in combat.
                  | [potion of mutation]
 28710 | Swamp:2  | Lost mutation: You tend to lose your temper in combat.
                  | [potion of mutation]
 28710 | Swamp:2  | Gained mutation: Your spells are a little harder to cast,
                  | but a little more powerful. [potion of mutation]
 28977 | Swamp:2  | Reached skill level 16 in Axes
 29561 | Swamp:3  | Found a runed translucent gate.
 29562 | Swamp:3  | Found a runed translucent gate.
 29564 | Swamp:3  | Found a runed translucent gate.
 29669 | Swamp:3  | Noticed Piask's ghost (adept FoAK)
 29669 | Swamp:3  | Noticed Ysuot's ghost (journeyman OpWn)
 29669 | Swamp:3  | Noticed Ykec Esm's ghost (journeyman DrWn)
 29669 | Swamp:3  | Noticed pleonasm's ghost (adept OgBe)
 30245 | Swamp:4  | Entered Level 4 of the Swamp
 31043 | Swamp:4  | Noticed the 27-headed Lernaean hydra
 31328 | Vaults:1 | Entered Level 1 of the Vaults
 31391 | Vaults:1 | Identified a scroll of acquirement
 31406 | Vaults:1 | Acquired a manual of Shields
 31564 | Vaults:1 | Gained mutation: You passively map a large area around you.
                  | [Deep Dwarf growth]
 31564 | Vaults:1 | Reached XP level 18. HP: 174/174 MP: 25/25
 31658 | Vaults:1 | Paralysed by a hornet for 1 turns
 31765 | Vaults:1 | Reached skill level 17 in Axes
 32082 | Vaults:1 | Found a portal to a secret trove of treasure.
 32418 | Vaults:1 | Found a runed translucent gate.
 32418 | Vaults:1 | Found a runed translucent gate.
 32418 | Vaults:1 | Found a runed translucent gate.
 32420 | Vaults:1 | Noticed rgbqcd's ghost (veteran MiBe)
 32420 | Vaults:1 | Noticed Bidatih's ghost (adept MiBe)
 33148 | Vaults:2 | Found a runed translucent gate.
 33148 | Vaults:2 | Found a runed translucent gate.
 33148 | Vaults:2 | Found an opulent altar of Gozag.
 33149 | Vaults:2 | Found a runed translucent gate.
 33149 | Vaults:2 | Noticed wjh11's ghost (veteran MiBe)
 33150 | Vaults:2 | Found Guhaum's Assorted Antiques.
 33210 | Vaults:2 | Found a staircase to the Crypt.
 33793 | Vaults:2 | Noticed Mara
 33827 | Vaults:2 | Noticed Aria's illusion
 34524 | Vaults:2 | Found a staircase to the Crypt.
 34554 | Vaults:2 | Noticed Aria's illusion
 34854 | Vaults:2 | Noticed Aria's illusion
 35080 | Vaults:3 | Found a magical portal.
 35095 | WizLab   | Entered The Hall of the Hellbinder
 35137 | WizLab   | Gained mutation: You are frail. (-10% HP) [a cacodemon]
 35492 | WizLab   | Identified the ring "Nedea" {rN+ Stlth-}
 35492 | WizLab   | Noticed Raasief
 35495 | WizLab   | Found a burning altar of Makhleb.
 35510 | WizLab   | Killed Raasief the Hellbinder
 35511 | WizLab   | Reached skill level 18 in Axes
 35511 | WizLab   | Reached XP level 19. HP: 141/163 MP: 26/26
 35553 | WizLab   | Identified Sif Muna's Catalogue of Illusion
 35855 | Vaults:3 | Found Ydwoel's Antique Weapon Shoppe.
 35880 | Vaults:3 | Bought a transparent hand axe for 208 gold pieces
 35880 | Vaults:3 | Identified the +8 hand axe of Discord {pain, rPois Str-5
                  | Int+6} (You bought it in a shop on level 3 of the Vaults)
 36250 | Vaults:3 | Noticed Xtahua
 36264 | Vaults:3 | Killed Xtahua
 36959 | Vaults:4 | Noticed a Brimstone Fiend
 37233 | Vaults:4 | Noticed a Brimstone Fiend
 37351 | Vaults:4 | Found Yvue's Antique Armour Boutique.
 37354 | Vaults:4 | Bought a pair of glowing gloves for 240 gold pieces
 37369 | Vaults:4 | Bought a jewelled scale mail for 288 gold pieces
 37369 | Vaults:4 | Identified the cursed +0 scale mail of Qaseosme {-Cast
                  | Will- rCorr Str+8} (You bought it in a shop on level 4 of
                  | the Vaults)
 37393 | Vaults:4 | Found a sparkling altar of Nemelex Xobeh.
 37464 | Vaults:4 | Got a translucent trident
 37465 | Vaults:4 | Identified the +8 trident "Vastreulo" {speed, rC+} (You
                  | found it on level 4 of the Vaults)
 38173 | Vaults:2 | Noticed Aria's illusion
 38182 | Vaults:2 | Killed Mara
 38183 | Vaults:2 | Reached skill level 15 in Shields
 38238 | Vaults:2 | Found a runed translucent gate.
 38238 | Vaults:2 | Found a runed translucent gate.
 38238 | Vaults:2 | Found a runed translucent gate.
 38239 | Vaults:2 | Found an opulent altar of Gozag.
 38240 | Vaults:2 | Found Guhaum's Assorted Antiques.
 39566 | Vaults:4 | Bought a transparent ring mail for 288 gold pieces
 39566 | Vaults:4 | Identified the +5 ring mail of Context {rPois Stlth+} (You
                  | bought it in a shop on level 4 of the Vaults)
 39909 | D:9      | Got a flickering wooden ring
 39936 | D:9      | Killed lnotna's ghost
 39937 | D:9      | Reached skill level 19 in Axes
 39937 | D:9      | Reached skill level 15 in Dodging
 39937 | D:9      | Reached XP level 20. HP: 83/172 MP: 24/24
 39945 | D:9      | Identified the ring of the Stag {rPois Int+6} (You found it
                  | on level 9 of the Dungeon)
 40073 | Elf:1    | Entered Level 1 of the Elven Halls
 40109 | Elf:1    | Identified the +1 scale mail of Light {rCorr SInv} (You
                  | found it on level 1 of the Elven Halls)
 40226 | Elf:1    | Found Jinopoa's Jewellery Boutique.
 40227 | Elf:1    | Found Zaemaeduwe's Gadget Emporium.
 40228 | Elf:1    | Found Fidoodas's Jewellery Boutique.
 40242 | Elf:1    | Bought the ring of Amorality {rF++ Will- AC+4 Str+5} for
                  | 868 gold pieces
 40339 | Elf:1    | Found a runed translucent gate.
 40339 | Elf:1    | Found a runed translucent gate.
 40354 | Elf:1    | Found a runed translucent gate.
 40354 | Elf:1    | Noticed Fuonemn's ghost (veteran DDBe)
 41437 | Swamp:4  | Killed the 27-headed Lernaean hydra
 41438 | Swamp:4  | Reached skill level 15 in Fighting
 41584 | Swamp:4  | Acquired 775 gold pieces
 41587 | Swamp:4  | Acquired the +2 pair of gloves "Plog" {Will+}
 41600 | Swamp:4  | Acquired the ring of the Queen {rElec rPois rC+}
 41667 | Swamp:4  | Got a decaying rune of Zot
 42496 | Elf:2    | Found a huge runed translucent gate.
 42496 | Elf:2    | Found a huge runed translucent gate.
 42496 | Elf:2    | Found a huge runed translucent gate.
 42502 | Elf:2    | Found a huge runed translucent gate.
 42502 | Elf:2    | Found a huge runed translucent gate.
 42944 | Elf:2    | Noticed Asterion
 42972 | Elf:2    | Killed Asterion
 44013 | Elf:3    | Entered Level 3 of the Elven Halls
 44072 | Elf:3    | Reached skill level 20 in Axes
 44074 | Elf:3    | Found a large runed translucent door.
 44075 | Elf:3    | Found a large runed translucent door.
 44508 | Elf:3    | Reached XP level 21. HP: 180/180 MP: 25/25
 44577 | Elf:3    | Identified the +9 battleaxe "Opuiso" {vamp, rC+++ Int+2
                  | Dex+4 Stlth-}
 44752 | Elf:3    | Noticed Huol's ghost (adept FoFi)
 44933 | Elf:3    | Identified Kiamuxo Nuel's Handbook of Stolen Souls and the
                  | Glacier
 44971 | Elf:3    | Identified the Grimoire of the Twisted Glacier
 45127 | Elf:3    | Got a scintillating steel ring
 45136 | Elf:3    | Identified the cursed ring "Akeil" {rC+ EV-4 Dex+4} (You
                  | found it on level 3 of the Elven Halls)
 45534 | Elf:3    | Got an ancient ring mail
 45545 | Elf:3    | Identified the +5 ring mail "Esus" {rC+++ Will+ Regen+
                  | Dex+3} (You found it on level 3 of the Elven Halls)
 45585 | Elf:3    | Got a warped glaive
 45586 | Elf:3    | Identified the cursed +1 glaive "Ladipn" {flame, *Noise
                  | rElec Will+ Str+6} (You found it on level 3 of the Elven
                  | Halls)
 45596 | Elf:3    | Got an ichor-stained shortbow
 45602 | Elf:3    | Identified the cursed +2 shortbow "Efag" {vorpal, rF+ rC+++
                  | Str+4 Dex-5} (You found it on level 3 of the Elven Halls)
 45637 | Elf:3    | Got a slimy hand axe
 45638 | Elf:3    | Identified the +11 hand axe of the Invisible Realms {drain,
                  | rF++ Str-3 SInv} (You found it on level 3 of the Elven
                  | Halls)
 45789 | Elf:3    | Killed Huol's ghost
 45806 | Elf:3    | Got a crude silver ring
 45809 | Elf:3    | Identified the ring "Teinwad" {*Drain rPois Will+ Int+2
                  | Dex+3} (You found it on level 3 of the Elven Halls)
 45813 | Elf:3    | Got a shimmering leather armour
 45824 | Elf:3    | Identified the +1 leather armour of the Ethereal Mantidfly
                  | {Str+4 Stlth+} (You found it on level 3 of the Elven Halls)
 46137 | Vaults:5 | Entered Level 5 of the Vaults
 46140 | Vaults:5 | Noticed a golden dragon
 46171 | Vaults:5 | Killed a golden dragon
 46195 | Vaults:5 | Noticed an ancient lich
 46215 | Vaults:5 | Killed an ancient lich
 46271 | Vaults:5 | Reached XP level 22. HP: 190/190 MP: 26/26
 46396 | Vaults:5 | Reached skill level 21 in Axes
 46480 | Vaults:5 | Noticed a golden dragon
 46491 | Vaults:5 | Killed a golden dragon
 46564 | Vaults:5 | Found the +2 cloak of the Thief {*Fog Slay-2 SInv Stlth+}
 46636 | Vaults:5 | Got a silver rune of Zot
 46640 | Vaults:5 | Got a masterwork battleaxe
 46646 | Vaults:5 | Identified the +5 battleaxe of Cotifulo {elec, +Blink rN+
                  | SInv Stlth+} (You found it on level 5 of the Vaults)
 46692 | Vaults:5 | Reached skill level 1 in Stealth
 46739 | Vaults:5 | Found the +3 pair of gauntlets of War {Slay+5}
 46898 | Vaults:5 | Found Humy's Antique Armour Emporium.
 46899 | Vaults:5 | Noticed a golden dragon
 46921 | Vaults:5 | Killed a golden dragon
 46970 | Vaults:5 | Found Eridoe's Distillery.
 47097 | Vaults:5 | Found Biodgh's Distillery.
 47474 | Vaults:5 | Got a shimmering plate armour
 47475 | Vaults:5 | Identified the cursed +0 plate armour "Ewulop" {Str+2} (You
                  | found it on level 5 of the Vaults)
 48006 | D:3      | Killed Grinder
 48161 | D:5      | Killed Duvessa
 48164 | D:5      | Killed Dowan
 48521 | Lair:6   | Entered Level 6 of the Lair of Beasts
 49204 | Lair:6   | Found a runed translucent door.
 49204 | Lair:6   | Found a viscous altar of Jiyva.
 49204 | Lair:6   | Found a staircase to the Slime Pits.
 49421 | Lair:6   | Found a runed translucent door.
 49886 | Depths:1 | Entered Level 1 of the Depths
 49930 | Depths:3 | Reached XP level 23. HP: 200/200 MP: 28/28
 50049 | Depths:5 | Entered Level 5 of the Depths
 50097 | Depths:5 | Found a gate to the Realm of Zot.
 50190 | Zot:1    | Entered Level 1 of the Realm of Zot
 50403 | Zot:1    | Reached skill level 22 in Axes
 50646 | Zot:2    | Found a transporter.
 50648 | Zot:2    | Found the +0 mask of the Dragon {Will+ Slay+3 SInv}
 50670 | Zot:2    | Found a transporter.
 50730 | Zot:2    | Noticed a curse toe
 50826 | Zot:2    | Killed a curse toe
 51039 | Zot:2    | Reached XP level 24. HP: 210/210 MP: 1/28
 51391 | Zot:5    | Entered Level 5 of the Realm of Zot
 51965 | Zot:5    | Noticed an ancient lich
 51965 | Zot:5    | Noticed an orb of fire
 51974 | Zot:5    | Gained mutation: Armour fits poorly on your strangely
                  | shaped body. [an orb of fire]
 51975 | Zot:5    | Noticed an orb of fire
 51976 | Zot:5    | Noticed an orb of fire
 51979 | Zot:5    | Noticed an orb of fire
 51984 | Zot:5    | Gained mutation: Scrolls take you a little longer to read.
                  | [an orb of fire]
 51986 | Zot:5    | Gained mutation: You are clumsy. (Dex -2) [an orb of fire]
 51987 | Zot:5    | Killed an orb of fire
 51988 | Zot:5    | Noticed an ancient lich
 51989 | Zot:5    | Noticed a Killer Klown
 51990 | Zot:5    | Killed an orb of fire
 51997 | Zot:5    | Killed an ancient lich
 51997 | Zot:5    | Noticed an orb of fire
 52001 | Zot:5    | Gained mutation: Your body sometimes deteriorates upon
                  | taking damage. [an orb of fire]
 52002 | Zot:5    | Killed an orb of fire
 52003 | Zot:5    | Reached skill level 23 in Axes
 52003 | Zot:5    | Reached XP level 25. HP: 191/219 MP: 0/28
 52006 | Zot:5    | a Killer Klown changed into a sphinx
 52012 | Zot:5    | Killed an ancient lich
 52013 | Zot:5    | Killed an orb of fire
 52015 | Zot:5    | Killed an orb of fire
 52016 | Zot:5    | Lost mutation: Armour fits poorly on your strangely shaped
                  | body. [potion of mutation]
 52016 | Zot:5    | Lost mutation: Your body sometimes deteriorates upon taking
                  | damage. [potion of mutation]
 52016 | Zot:5    | Lost mutation: You are clumsy. (Dex -2) [potion of
                  | mutation]
 52016 | Zot:5    | Gained mutation: You have a pair of small antennae on your
                  | head. [potion of mutation]
 52016 | Zot:5    | Gained mutation: You have a pair of antennae on your head.
                  | [potion of mutation]
 52017 | Zot:5    | Lost mutation: Scrolls take you a little longer to read.
                  | [potion of mutation]
 52017 | Zot:5    | Lost mutation: Your spells are a little harder to cast, but
                  | a little more powerful. [potion of mutation]
 52017 | Zot:5    | Gained mutation: You are partially covered in thin metallic
                  | scales. (AC +2) [potion of mutation]
 52017 | Zot:5    | Gained mutation: You have large cloven feet. [potion of
                  | mutation]
 52017 | Zot:5    | Lost mutation: You are frail. (-10% HP) [potion of
                  | mutation]
 52017 | Zot:5    | Gained mutation: Your spells are a little harder to cast,
                  | but a little more powerful. [potion of mutation]
 52039 | Zot:5    | Noticed an orb of fire
 52040 | Zot:5    | Noticed an orb of fire
 52041 | Zot:5    | Noticed an orb of fire
 52042 | Zot:5    | Noticed an orb of fire
 52049 | Zot:5    | Noticed an orb of fire
 52052 | Zot:5    | Noticed an orb of fire
 52054 | Zot:5    | Noticed an orb of fire
 52056 | Zot:5    | Gained mutation: You are occasionally teleported next to
                  | monsters. [an orb of fire]
 52056 | Zot:5    | Noticed a Killer Klown
 52058 | Zot:5    | Gained mutation: You are weak. (Str -2) [an orb of fire]
 52060 | Zot:5    | Gained mutation: You are frail. (-10% HP) [an orb of fire]
 52061 | Zot:5    | Killed an orb of fire
 52063 | Zot:5    | Gained mutation: You occasionally shout uncontrollably at
                  | your foes. [an orb of fire]
 52066 | Zot:5    | Killed an orb of fire
 52066 | Zot:5    | Gained mutation: You tend to lose your temper in combat.
                  | [an orb of fire]
 52067 | Zot:5    | Gained mutation: Armour fits poorly on your strangely
                  | shaped body. [an orb of fire]
 52067 | Zot:5    | Gained mutation: You are clumsy. (Dex -2) [an orb of fire]
 52073 | Zot:5    | Killed an orb of fire
 52073 | Zot:5    | Gained mutation: You are very weak. (Str -4) [an orb of
                  | fire]
 52075 | Zot:5    | Killed an orb of fire
 52077 | Zot:5    | Killed an orb of fire
 52079 | Zot:5    | Gained mutation: Your magical capacity is low. (-10% MP)
                  | [an orb of fire]
 52086 | Zot:5    | Killed an orb of fire
 52087 | Zot:5    | Killed an orb of fire
 52103 | Zot:5    | Noticed an ancient lich
 52105 | Zot:5    | Lost mutation: You have large cloven feet. [potion of
                  | mutation]
 52105 | Zot:5    | Lost mutation: Your magical capacity is low. (-10% MP)
                  | [potion of mutation]
 52105 | Zot:5    | Lost mutation: You are clumsy. (Dex -2) [potion of
                  | mutation]
 52105 | Zot:5    | Gained mutation: You are dopey. (Int -2) [potion of
                  | mutation]
 52105 | Zot:5    | Gained mutation: You are agile. (Dex +2) [potion of
                  | mutation]
 52106 | Zot:5    | Lost mutation: You occasionally shout uncontrollably at
                  | your foes. [potion of mutation]
 52106 | Zot:5    | Lost mutation: You have a pair of antennae on your head.
                  | [potion of mutation]
 52106 | Zot:5    | Gained mutation: You have a pair of antennae on your head.
                  | [potion of mutation]
 52106 | Zot:5    | Lost mutation: You are very weak. (Str -4) [potion of
                  | mutation]
 52106 | Zot:5    | Gained mutation: You expend magic power (3 MP) to
                  | strengthen your wands. [potion of mutation]
 52107 | Zot:5    | Lost mutation: You are agile. (Dex +2) [potion of mutation]
 52107 | Zot:5    | Lost mutation: You have a pair of antennae on your head.
                  | [potion of mutation]
 52107 | Zot:5    | Lost mutation: You are dopey. (Int -2) [potion of mutation]
 52107 | Zot:5    | Lost mutation: You are occasionally teleported next to
                  | monsters. [potion of mutation]
 52107 | Zot:5    | Lost mutation: You are frail. (-10% HP) [potion of
                  | mutation]
 52107 | Zot:5    | Lost mutation: You are weak. (Str -2) [potion of mutation]
 52108 | Zot:5    | Lost mutation: You expend magic power (3 MP) to strengthen
                  | your wands. [potion of mutation]
 52108 | Zot:5    | Lost mutation: Armour fits poorly on your strangely shaped
                  | body. [potion of mutation]
 52108 | Zot:5    | Lost mutation: You are partially covered in icy blue
                  | scales. (AC +2) [potion of mutation]
 52108 | Zot:5    | Gained mutation: You are mostly covered in thin metallic
                  | scales. (AC +3) [potion of mutation]
 52108 | Zot:5    | Killed a Killer Klown
 52109 | Zot:5    | Lost mutation: You have a pair of small antennae on your
                  | head. [potion of mutation]
 52109 | Zot:5    | Lost mutation: You tend to lose your temper in combat.
                  | [potion of mutation]
 52109 | Zot:5    | Gained mutation: Your magical capacity is low. (-10% MP)
                  | [potion of mutation]
 52109 | Zot:5    | Gained mutation: Your muscles are strong. (Str +2) [potion
                  | of mutation]
 52109 | Zot:5    | Paralysed by an ancient lich for 3 turns
 52111 | Zot:5    | Noticed an ancient lich
 52124 | Zot:5    | Killed an ancient lich
 52131 | Zot:5    | Killed an ancient lich
 52187 | Zot:5    | Got the Orb of Zot
 52506 | D:15     | Noticed Mavith the pandemonium lord
 52526 | D:13     | Reached XP level 26. HP: 238/255 MP: 24/24
 52600 | D:12     | Noticed Naemiwips the pandemonium lord
 52621 | D:12     | Killed Naemiwips the pandemonium lord
 52921 | D:$      | Escaped with the Orb!

Illustrated notes

Levels and vault maps discovered:
D:1:      erik_arrival_orb_chamber, layout_basic, minmay_misc_feat_columns
D:2:      layout_basic, lemuel_blue_sif_altar, nicolae_dithmenos_shadow_blocks,
          minmay_quantized, uniq_jessica, uniq_crazy_yiuf_cottage, uniq_robin,
          uniq_terence
D:3:      layout_basic, kb_xom_exploding_sheep, uniq_grinder
D:4:      layout_gridville, fedhas_bush_and_centaur_altar,
          minmay_misc_feat_rows, uniq_eustachio, uniq_ijyb
D:5:      layout_loops_ring, nzn_wu_jian_contemplation,
          nicolae_qazlal_eye_of_the_storm, uniq_duvessa
D:6:      layout_rooms, temple_hall, serial_shops, shop,
          hangedman_abyss_or_decor_passed, minmay_fire_ice_demons
D:7:      layout_basic, kiku_gazebo_garden_becter,
          minmay_guarded_unrand_staff_of_olgreb
D:8:      layout_loops_corners, lemuel_zombie_altar_yredelemnul
D:9:      layout_basic, minmay_overflow_temple_star_quad,
          ebering_ghost_reflecting_pool, chequers_big_river,
          nrook_loot_triangle, uniq_erolcha
D:10:     layout_loops_corners
D:11:     layout_roguey, lair_entry_dummy, serial_shops, shop_statue,
          nicolae_shop_crystal, shop, uniq_sonja
D:12:     layout_gridville, zombieorc1_lemuel, basic_altar,
          eino_house_with_fridge, uniq_nessos
D:13:     layout_cave_pools, chequers_serial_rivers_room_a, st_stairs_8,
          uniq_rupert, uniq_josephine
D:14:     minmay_tri_box, layout_basic, david_vaults_3
D:15:     grunt_enter_depths_magical_seal, layout_basic, serial_park_square2,
          hangedman_abyss_or_decor_clamps
Temple:   minmay_temple_bridge_abc
Lair:1:   layout_cave_pods, uniq_urug
Lair:2:   layout_chaotic_city, nicolae_spider_entry_non_spiders
Lair:3:   layout_hall_layers, minivault_29
Lair:4:   layout_cave_pods, nicolae_swamp_entry_splash_gauntlet, minivault_19,
          minmay_lair_drake_nest
Lair:5:   wad_woods_structure_01, layout_layer_cave, kennysheep_rathole
Lair:6:   wormcave, layout_regular_city, hangedman_lair_caniforms_friends,
          slime_altar_2
Swamp:1:  layout_falls_marsh, evilmike_swamp_ruin_house_2, swamp_pool4,
          amcnicky_altar_lugonu_corruption, uniq_kirke
Swamp:2:  layout_basic_swamp, basic_altar
Swamp:3:  layout_falls_marsh, gammafunk_ghost_cemetery,
          nicolae_swamp_trees_clearing, swamp_pool4,
          nicolae_swamp_hydra_murder_den
Swamp:4:  swamp_old_school, layout_basic_swamp
Spider:1: layout_spider_delve
Spider:2: layout_spider_delve, uniq_arachne
Spider:3: layout_spider_delve
Spider:4: grunt_spider_rune_circles
Orc:1:    layout_diamond_mine, uniq_jorgrun
Orc:2:    st_orc_rangers, layout_caves
Elf:1:    elf_arrival_002, layout_geoelf_octagon, gammafunk_ghost_split,
          kennysheep_underground_church, minmay_shop_grove
Elf:2:    layout_geoelf_diagonals, minivault_16, nicolae_elf_w_pinch,
          uniq_asterion
Elf:3:    grunt_elf_hall_branching, layout_geoelf_castle,
          ebering_ghost_disaster_area
Vaults:1: gammafunk_vaults_ghost_cemetery, vaults_mumra_lcd,
          hangedman_vaults_corner_blocks, nicolae_vaults_border_crossing,
          v_rooms_2, vaults_room_grunt_arrival_ludios, vaults_room_fours,
          ontoclasm_vaults_decontamination, hangedman_vaults_trim,
          hangedman_vaults_capsules, layout_vaults_chaotic_city,
          nicolae_trove_entry_diagonal
Vaults:2: ebering_vaults_ghost_gozag, v_misc_17, vaults_dpeg_hooks,
          minmay_crypt_entry_simple_sparse, v_misc_4, v_rooms_4,
          nicolae_vaults_three_branches, v_misc_16, vaults_mumra_hex,
          nicolae_vaults_little_squares_6, ontoclasm_vaults_bender,
          vaults_room_fours, nicolae_vaults_an_arrangement,
          dpeg_vaults_monster_box, vaults_room_stairs_pillars,
          nicolae_vaults_little_squares_4, vaults_room_hallway,
          layout_vaults_omnicross, uniq_mara
Vaults:3: hangedman_vaults_corner, vaults_room_octagon,
          grunt_vaults_hallway_short, hangedman_vaults_stagger, v_pattern_2,
          vaults_room_door_ring, nicolae_vaults_mini_display_case, v_misc_17,
          vaults_mumra_chevron, v_alt_pattern_6, hangedman_vaults_maws,
          vaults_room_pools, vaults_room_ringed_pool, vaults_dpeg_diagonal,
          nicolae_vaults_specimen_jars, layout_vaults_maze_snakey, serial_shops,
          shop, mu_enter_wizlab_6, uniq_xtahua
Vaults:4: nicolae_vaults_ninety_degrees, vaults_room_hallway,
          grunt_vaults_hallway_short, vaults_room_fours,
          ontoclasm_vaults_gateway, hangedman_vaults_unwind,
          nicolae_vaults_minivaults, nicolae_vaults_little_squares_6, v_misc_3,
          vaults_dpeg_ring, hangedman_vaults_restitches, nicolae_vaults_big_ls,
          v_misc_16, nicolae_vaults_shelves_hall, layout_vaults_omnibox,
          serial_shops, nicolae_shop_behind_doors, basic_altar
Vaults:5
Depths:1: layout_gridville, minmay_misc_feat_four_crosses, serial_shops,
          nicolae_shop_overgrown_old_shop, hell_entry, kennysheep_generic_room_5
Depths:2: lemuel_river_lethe, hell_entry, abyss_entry
Depths:3: cheibrodos_witchhunters_guild, layout_gridville,
          chequers_serial_rivers_large_b, pf_hell_entry_tar_spiral,
          abyss_entry_glasseish, rand_demon_pan_entry_4, st_stairs_4,
          infiniplex_staircase_zigzag_3
Depths:4: kennysheep_oblong_rooms, layout_cave_pools, enter_ziggurat_a,
          chequers_decorated_corner, abyss_entry, hell_entry, firewood_loft,
          infiniplex_staircase_zigzag_1
Depths:5: grunt_zot_entry_funnels, layout_gridlike, grunt_mini_vestibule,
          grunt_pan_entry_sceptre, skrybe_limestone_x, st_stairs_2
Zot:1:    layout_onion_interference
Zot:2:    lemuel_acid_trip, layout_onion_interference, st_single_dragon_hoard_3,
          chequers_guarded_unrand_mask_of_the_dragon
Zot:3:    layout_basic
Zot:4:    kennysheep_blocky_room, layout_basic, skrybe_zot_glass_1,
          grunt_megastairs_4
Zot:5:    layout_gridlike, grunt_ministairs_15, nicolae_zot_crop_circle

Skill      XL: |  1  2  3  4  5  6  7  8  9 10 11 12 13 14 15 16 17 18 19 20 21 22 23 24 25 26 |
---------------+-------------------------------------------------------------------------------+-----
Axes           | 3 4 5 6 7 8 9 10 11 12 13 14 15 16 18 19 20 21 22 23 | 23.7
Fighting       | 3 4 5 6 7 8 9 10 11 12 13 14 15 16 17 18 19 | 19.0
Throwing       | 1 2 3 5 |  5.0
Dodging        | 1 2 3 4 5 6 8 9 11 12 13 14 15 | 15.0
Armour         | 4 5 6 7 9 10 11 12 13 14 15 16 17 18 19 20 21 22 | 22.0
Shields        | 4 5 6 7 9 10 13 15 16 18 19 20 21 | 21.6
Invocations    | 1 5 8 10 12 13 15 16 17 18 19 20 21 22 | 22.3
Stealth        | 2 |  2.4

Action                   |  1- 3 |  4- 6 |  7- 9 | 10-12 | 13-15 | 16-18 | 19-21 | 22-24 | 25-27 || total
-------------------------+-------+-------+-------+-------+-------+-------+-------+-------+-------++-------
Melee: War axe           |    74 |    93 |   279 |   782 |       |       |       |       |       ||  1228
       Unarmed           |       |     3 |       |       |       |       |       |       |       ||     3
       Battleaxe         |       |       |       |    34 |   789 |  1123 |   382 |       |       ||  2328
       Morningstar       |       |       |       |       |    65 |    54 |       |       |       ||   119
       Broad axe         |       |       |       |       |       |       |   733 |  1086 |   215 ||  2034
       Trident           |       |       |       |       |       |       |    17 |       |       ||    17
 Fire: Hand crossbow     |       |       |       |    17 |     8 |    10 |       |       |       ||    35
Throw: Dart              |    44 |    53 |    75 |   120 |    76 |    13 |     4 |       |       ||   385
       Stone             |    10 |    12 |    30 |       |       |       |       |       |       ||    52
       Boomerang         |     3 |     1 |    30 |     4 |     9 |       |       |       |       ||    47
       Javelin           |       |       |       |       |     3 |    13 |     7 |       |       ||    23
Invok: Minor Destruction |       |       |     6 |    41 |     8 |    60 |    10 |     3 |     1 ||   129
       Major Destruction |       |       |       |     7 |     4 |     7 |     4 |     4 |     3 ||    29
       Lesser Servant of |       |       |       |    11 |    16 |    27 |     3 |       |       ||    57
       Greater Servant o |       |       |       |       |     7 |    13 |    10 |     6 |     8 ||    44
 Abil: Heal Wounds       |       |     1 |     3 |     1 |     6 |    18 |     9 |     6 |     2 ||    46
Evoke: Wand              |       |       |    14 |    17 |     6 |     6 |     3 |       |       ||    46
       Staff of Olgreb   |       |       |       |       |     1 |       |       |       |       ||     1
       Condenser vane    |       |       |       |       |       |       |     1 |       |       ||     1
  Use: Scroll            |       |       |    10 |    11 |    11 |    14 |    26 |    19 |     1 ||    92
       Potion            |       |       |     1 |       |     3 |    11 |     5 |     3 |     8 ||    31
 Stab: Distracted        |       |       |       |     4 |     9 |    11 |     4 |     5 |     7 ||    40
       Confused          |       |       |       |       |     2 |       |     6 |     3 |       ||    11
       Invisible         |       |       |       |       |     2 |       |       |       |       ||     2
       Held in net/web   |       |       |       |       |       |     2 |       |       |       ||     2
Armor: Scale mail        |    22 |    49 |     1 |       |       |       |       |       |       ||    72
       Chain mail        |       |       |   111 |       |       |       |       |       |       ||   111
       Plate armour      |       |       |    33 |   278 |   477 |   746 |   351 |       |       ||  1885
       Crystal plate arm |       |       |       |       |       |       |    37 |    82 |       ||   119
       Gold dragon scale |       |       |       |       |       |       |       |   276 |    42 ||   318
Dodge: Dodged            |    17 |    33 |    74 |   260 |   684 |  1127 |   397 |   368 |    61 ||  3021
Block: Kite shield       |    33 |    40 |   161 |   699 |    24 |       |       |       |       ||   957
       Reflection        |       |       |       |    64 |     3 |     1 |   103 |    53 |     4 ||   228
       Other             |       |       |       |     5 |   199 |   317 |    63 |       |       ||   584
       Tower shield      |       |       |       |       |       |       |   708 |  1387 |   222 ||  2317
